 Dungeon Crawl Stone Soup version 0.29.1-13-g9f3cf754e1 (webtiles) character file.

Game seed: 17802108759669336857

243 protoss039 the Digger (level 5, -1/41 HPs)
             Began as a Demonspawn Earth Elementalist on Feb 9, 2023.
             Slain by a steam dragon (4 damage)
             ... on level 4 of the Dungeon.
             The game lasted 00:06:43 (4252 turns).

protoss039 the Digger (DsEE)                        Turns: 4252, Time: 00:06:43

Health: -1/41      AC:  4    Str:  9    XL:     5   Next: 82%
Magic:  5/10       EV: 12    Int: 18    God:
Gold:   254        SH:  0    Dex: 13    Spells: 8/11 levels left

rFire   . . .      SeeInvis +   q - +0 spear
rCold   . . .      Faith    .   (no shield)
rNeg    . . .      Spirit   .   a - +0 robe
rPois   .          Reflect  .   (no helmet)
rElec   .          Harm     .   (cloak unavailable)
rCorr   .          Rampage  .   h - +0 pair of gloves
Will    .....                   k - +0 pair of boots
Stlth   ++........              (no amulet)
HPRegen 0.13/turn               l - ring of see invisible
MPRegen 0.12/turn               (no ring)

@: no status effects
A: weakness stinger 3
a: no special abilities


You were on level 4 of the Dungeon.
You visited 1 branch of the dungeon, and saw 4 of its levels.

You collected 254 gold pieces.

Inventory:

Hand Weapons
 q - a +0 spear (weapon)
Missiles
 r - a throwing net
Armour
 a - a +0 robe (worn)
 h - a +0 pair of gloves (worn)
 k - a +0 pair of boots (worn)
Magical Staves
 p - a staff of poison
Jewellery
 j - a ring of fire
 l - a ring of see invisible (left hand)
Wands
 y - a wand of polymorph (3)
Scrolls
 c - a scroll of amnesia
 d - 3 scrolls of immolation
 f - a scroll of identify
 g - 2 scrolls of fear
 i - a scroll of noise
 o - 2 scrolls of teleportation
 s - a scroll of enchant weapon
 w - a scroll of poison {unknown}
 x - a scroll of blinking {unknown}
Potions
 b - a potion of magic
 e - a potion of mutation {unknown}
 m - 2 potions of curing
 n - a potion of flight {unknown}
 t - a potion of attraction {unknown}
 u - a potion of berserk rage {unknown}
 v - a potion of might {unknown}
 z - a potion of degeneration {unknown}


   Skills:
 + Level 3.1 Fighting
 - Level 1.7 Dodging
 - Level 1.7 Stealth
 + Level 3.6 Spellcasting
 - Level 0.8 Transmutations
 + Level 4.1 Earth Magic


You had 8 spell levels left.
You knew the following spells:

 Your Spells              Type           Power      Damage    Failure   Level
a - Sandblast             Erth           36%        2d10      2%          1
b - Passwall              Tmut/Erth      10%        N/A       9%          2

Your spell library contained the following spells:

 Spells                   Type           Power      Damage    Failure   Level
 Stone Arrow              Conj/Erth      20%        3d8       21%         3
 Ensorcelled Hibernation  Hex/Ice        6%         N/A       24%         2
 Swiftness                Air            3%         N/A       43%         3
 Petrify                  Tmut/Erth      12%        N/A       50%         4


Dungeon Overview and Level Annotations

Branches:
Dungeon (4/15) Zot: 19698
 Temple: D:4-7

Altars:
Fedhas


Innate Abilities, Weirdness & Mutations

You have a sharp stinger which inflicts weakening toxins.


Message History

Casting: Sandblast (safe; 2% risk of failure)
Confirm with . or Enter, or press ? or * to list all spells.
Aiming: Sandblast (safe; 2% risk of failure)
Press: ? - help, Shift-Dir - straight line, f/p - steam dragon
Aim: a steam dragon (heavily wounded, 82% to hit)
The blast of sand misses the steam dragon.
The steam dragon bites you.
* * * LOW HITPOINT WARNING * * *
The steam dragon claws you but does no damage.
Unknown command.
Casting: Sandblast (safe; 2% risk of failure)
Confirm with . or Enter, or press ? or * to list all spells.
Aiming: Sandblast (safe; 2% risk of failure)
Press: ? - help, Shift-Dir - straight line, f/p - steam dragon
Aim: a steam dragon (heavily wounded, 82% to hit)
The blast of sand hits the steam dragon.
The steam dragon is severely wounded.
The steam dragon barely misses you.
The steam dragon claws you but does no damage.
The steam dragon closely misses you. x2
Casting: Sandblast (safe; 2% risk of failure)
Confirm with . or Enter, or press ? or * to list all spells.
Aiming: Sandblast (safe; 2% risk of failure)
Press: ? - help, Shift-Dir - straight line, f/p - steam dragon
Aim: a steam dragon (severely wounded, 82% to hit)
The blast of sand hits the steam dragon but does no damage.
The steam dragon is severely wounded.
The steam dragon bites you but does no damage.
The steam dragon claws you.
* * * LOW HITPOINT WARNING * * *
Casting: Sandblast (safe; 2% risk of failure)
Confirm with . or Enter, or press ? or * to list all spells.
Aiming: Sandblast (safe; 2% risk of failure)
Press: ? - help, Shift-Dir - straight line, f/p - steam dragon
Aim: a steam dragon (severely wounded, 82% to hit)
The blast of sand hits the steam dragon but does no damage.
The steam dragon is severely wounded.
The steam dragon bites you but does no damage.
The steam dragon claws you.
You die...

..# # #. #.# ##.#.
#.# ..#.# #.# .#....
#.# ...#..##.########
...........§....#####
.......#D##§....>...#
#.....@.##.###.###.#
...#..#####.# #.# #.#
.... #.# #.###.# ####
#.# #..##.# #.#
##.##.# #.# #.##.# #
#.####.##.# ##
#.........# #.
####....#######


You could see a steam dragon.

Vanquished Creatures
  A scorpion (D:4)
  A necrophage (D:4)
  3 gnolls (D:2)
  An adder (D:2)
  An ufetubus (D:3)
  5 dart slugs
  5 orcs
  5 ball pythons
  5 endoplasms
  4 giant cockroaches
  4 goblins
  6 hobgoblins
  2 jackals
  A quokka (D:3)
  2 bats
  4 frilled lizards
  6 kobolds
  7 rats
63 creatures vanquished.

Notes
Turn   | Place    | Note
-------+----------+-------------------------------------------
     0 | D:1      | protoss039 the Demonspawn Earth Elementalist began the
                  | quest for the Orb.
     0 | D:1      | Reached XP level 1. HP: 13/13 MP: 3/3
   233 | D:1      | Gained mutation: You have a small tail. [demonic ancestry]
   233 | D:1      | Reached XP level 2. HP: 16/20 MP: 0/5
   577 | D:1      | Reached skill level 1 in Fighting
   577 | D:1      | Reached skill level 3 in Earth Magic
  1076 | D:1      | Found a faded altar of an unknown god.
  1108 | D:1      | Learned a level 2 spell: Passwall
  1246 | D:2      | Gained mutation: You have a tail ending in a sharp stinger.
                  | [demonic ancestry]
  1246 | D:2      | Reached XP level 3. HP: 26/26 MP: 0/6
  1829 | D:2      | Reached XP level 4. HP: 7/33 MP: 0/8
  2359 | D:2      | Found a blossoming altar of Fedhas.
  3459 | D:4      | Noticed a necrophage
  3465 | D:4      | Killed a necrophage
  3466 | D:4      | Gained mutation: You have a sharp stinger which inflicts
                  | weakening toxins. [demonic ancestry]
  3466 | D:4      | Reached XP level 5. HP: 39/39 MP: 5/9
  3621 | D:4      | Reached skill level 4 in Earth Magic
  4241 | D:4      | Noticed a steam dragon
  4252 | D:4      | Slain by a steam dragon

Illustrated notes

Levels and vault maps discovered:
D:1:      dpeg_arrival_solitude, layout_basic,
          shapermc_ecumenical_altar_mp_vishouse, dreamdust_wishing_well
D:2:      layout_loops_cross, basic_altar, st_stairs_12, minmay_domino_4
D:3:      layout_loops_ring, kennysheep_big_empty_room,
          kennysheep_generic_room_10
D:4:      layout_loops_corners, nemelex_dance_club_becter

Skill      XL: |  1  2  3  4  5 |
---------------+----------------+-----
Fighting       | 1 2 3 |  3.1
Earth Magic    | 3 4 |  4.1
Spellcasting   | 3 |  3.6
Dodging        | |  1.7
Stealth        | |  1.7
Transmutations | |  0.8

Action                   |  1- 3 |  4- 6 || total
-------------------------+-------+-------++-------
Melee: Dagger            |    33 |       ||    33
       Tailslap          |     4 |     1 ||     5
       Spear             |     6 |    25 ||    31
 Cast: Sandblast         |    41 |    49 ||    90
  Use: Potion            |     1 |       ||     1
       Scroll            |       |     6 ||     6
 Stab: Sleeping          |       |     2 ||     2
Armor: Robe              |    17 |    20 ||    37
Dodge: Dodged            |    48 |    23 ||    71
